 Dungeon Crawl Stone Soup version 0.19-a0-503-g45a6586 (webtiles) character file.

8444 Geppetto the Covert (level 11, 0/55 HPs)
             Began as a Felid Monk on June 5, 2016.
             Was an Initiate of Jiyva.
             Slain by an elephant (12 damage)
             ... on level 6 of the Lair of Beasts.
             The game lasted 01:05:08 (19842 turns).

Geppetto the Covert (Felid Monk)                   Turns: 19842, Time: 01:05:09

Health: 0/55       AC:  6    Str: 10    XL:     11   Next: 10%
Magic:  17/17      EV: 32    Int: 12    God:    Jiyva [......]
Gold:   999        SH:  0    Dex: 23    Spells: 0 memorised, 10 levels left
                                        Lives:  0   Deaths: 2

rFire  . . .     SeeInvis +       - Unarmed
rCold  + . .     Gourm    .     (armour unavailable)
rNeg   . . .     Faith    .     (shield unavailable)
rPois  .         Spirit   .     (helmet unavailable)
rElec  .         Dismiss  .     (cloak unavailable)
rCorr  .         Reflect  .     (gloves unavailable)
SustAt .         Harm     .     (boots unavailable)
MR     +....                    (no amulet)
Stlth  ++++++++..               H - +3 ring of strength
                                n - +3 ring of protection

@: quick, somewhat resistant to hostile enchantments, extraordinarily stealthy
A: no armour, no weapons or thrown items, claws 1, fangs 3, see invisible,
carnivore 3, speed 1, shaggy fur 3, slow metabolism 1, sharp paws
a: Renounce Religion


You were on level 6 of the Lair of Beasts.
You worshipped Jiyva.
Jiyva was noncommittal.
You were not hungry.

You visited 4 branches of the dungeon, and saw 22 of its levels.
You also visited: Sewer.

You collected 999 gold pieces.

Inventory:

Jewellery
 n - a +3 ring of protection (left paw)
 H - a +3 ring of strength (right paw)
Wands
 j - a wand of lightning (2/15)
 l - a wand of heal wounds (0/9)
 m - a wand of hasting (0/9)
 u - a wand of polymorph (15/24)
 y - a wand of iceblast (3/15)
 A - a wand of heal wounds (4/9)
 B - a wand of disintegration (1/24)
 C - a wand of hasting (4/9)
 F - a wand of teleportation (6/9)
 I - a wand of acid (6/15)
Scrolls
 r - 8 scrolls of remove curse
 w - 2 scrolls of blinking
 x - a scroll of teleportation
 E - a scroll of holy word
 G - a scroll of fear {unknown}
 J - a scroll of vulnerability {unknown}
 L - 3 scrolls of identify
 M - a scroll of noise {unknown}
 N - a scroll of amnesia
Potions
 d - a potion of agility
 e - 2 potions of curing
 f - 3 potions of heal wounds
 g - a potion of brilliance {unknown}
 h - 4 potions of lignification
 i - 5 potions of flight
 o - 2 potions of magic {unknown}
 s - 3 potions of degeneration {unknown}
 t - a potion of cancellation {unknown}
 v - a potion of mutation {unknown}
 z - 2 potions of haste {unknown}
 D - 3 potions of might
 K - a potion of berserk rage {unknown}
Books
 b - a book of Transfigurations

   Spells                             Type                      Level
   a - Irradiate                      Conjuration/Transmutation    5
   b - Statue Form                    Transmutation/Earth          6
   c - Hydra Form                     Transmutation                6
   d - Dragon Form                    Transmutation                7
 O - a book of the Tempests

   Spells                             Type                      Level
   a - Static Discharge               Conjuration/Air              3
   b - Lightning Bolt                 Conjuration/Air              5
   c - Fireball                       Conjuration/Fire             5
   d - Tornado                        Air                          9
   e - Shatter                        Earth                        9
Comestibles
 a - 6 meat rations
 c - 3 slices of pizza
 k - 2 beef jerkies
 q - a royal jelly


   Skills:
 - Level 10.9 Fighting
 + Level 13.6 Dodging
 + Level 14.4 Stealth
 * Level 11.1 Unarmed Combat
   Level 7.8 Invocations


You had 10 spell levels left.
You didn't know any spells.

Dungeon Overview and Level Annotations

Branches:
Dungeon (8/15)             Temple (1/1) D:6            Lair (7/8) D:8
  Swamp (0/4) Lair:3       Spider (0/4) Lair:5        Slime (6/6) Lair:7

Altars:
Ashenzari
Cheibriados
Dithmenos
Elyvilon
Fedhas
Gozag
Hepliaklqana
Kikubaaqudgha
Makhleb
Nemelex Xobeh
Okawaru
Pakellas
Qazlal
Ru
Sif Muna
Trog
Uskayaw
Vehumet
Xom
Yredelemnul
Zin
The Shining One
Jiyva

Annotations:
Lair:7 Rupert
Slime:6 Royal Jelly


Innate Abilities, Weirdness & Mutations

You cannot wear armour.
You are incapable of wielding weapons or throwing items.
You have sharp claws.
You have razor-sharp teeth.
You have supernaturally acute eyesight. (SInv)
You are carnivorous and can eat meat at any time.
You cover ground quickly.
Your thick and shaggy fur keeps you warm. (AC +3, rC+)
You have a slow metabolism.
Your sharp claws are effective at attacking unaware monsters.


Message History

The elephant completely misses you. The elephant trunk-slaps you.
The elephant misses you. The elephant completely misses you.
The spiny frog closely misses you. The yak completely misses you.
The yak gores you!
There is a stone staircase leading up, spattered with blood here.
The elephant misses you. The elephant completely misses you. x2
The elephant trunk-slaps you but does no damage.
The spiny frog misses you. The yak gores you but does no damage.
The yak gores you!
You climb upwards.
There is a stone staircase leading down here.
The spiny frog completely misses you. The yak completely misses you.
The yak bellows!
You claw the elephant!
The elephant is moderately wounded.
The spiny frog stings you!
* * * LOW HITPOINT WARNING * * *
The elephant tramples you!
You die...

..#⌠.....⌠..>..⌠.....⌠#.##.#
...........................#
....#...###....##..........#
....#...####.#.#...Y.......#
.....#...#...###...##......##
.....##....###....##Y.......#
...P####....⌠....##.Y......##
P..## ##......F##.........## ..##
##..<.##@Y#........P# .P##
##.#.##..###Y.P..PP.# ..P#
#..####.(##.#Y..##### .###
####P#P.#####....## ..P#
##....#.+.#####..#.##### ..###
#.........#.##.......#.# ....#
#P†.........##........####
...#####P........J...Y>.>.......#
...##..P............P.........###


You could see an elephant, 2 yaks and a spiny frog.

Vanquished Creatures
  A hydra (Lair:4)
  Pikel (D:7)
  6 black mambas
  9 elephants
  An eye of devastation (Slime:1)
  13 spiny frogs
  4 rime drakes
  3 komodo dragons
  3 blink frogs (Lair:4)
  A redback (Lair:5)
  2 wyverns
  Menkaure (D:7)
  A basilisk (Lair:2)
  26 yaks
  8 hippogriffs
  4 insubstantial wisps
  6 water moccasins
  8 porcupines
  An orc warrior (D:7)
  A slave (D:7)
  A black bear (Lair:2)
  An ice beast (D:6)
  A sky beast (D:6)
  An ogre (D:4)
  An eye of draining (Slime:6)
  A necrophage (D:6)
  4 wolves (Lair:2)
  3 centaurs
  9 crocodiles
  6 big kobolds (Sewer)
  11 giant frogs
  A water moccasin skeleton (D:5)
  5 killer bees (D:8)
  5 crimson imps
  3 hounds
  4 jellies
  3 orc priests
  A centaur skeleton (D:7)
  10 iguanas
  An orc wizard (D:7)
  A gnoll shaman (D:5)
  Jessica (D:3)
  10 hell rats (Lair:1)
  5 worker ants
  2 hound skeletons
  7 gnolls
  11 adders
  55 river rats
  5 oozes
  An adder skeleton (D:5)
  5 worms
  2 dart slugs
  8 giant geckos
  8 orcs
  9 ball pythons
  9 giant cockroaches
  4 goblins (D:2)
  5 hobgoblins
  17 jackals
  15 kobolds
  4 quokkas
  A bat (D:2)
  A giant gecko skeleton (D:4)
  3 giant newts
  A jackal skeleton (D:6)
  21 rats
  A bush (D:2)
  A plant (D:2)
385 creatures vanquished.

Vanquished Creatures (others)
  A wizard (D:4)
  A black mamba (Lair:2)
  An elephant (Lair:5)
  2 slime creatures (Slime:3)
  4 yaks
  A porcupine (Lair:1)
  3 slaves (D:7)
  2 wolves (Lair:2)
  A crocodile (Lair:3)
  A crimson imp (D:7)
  A hound (D:7)
  4 jellies
  An iguana (Lair:6)
  3 orcs (D:7)
  A quokka (D:7)
  2 bushes (Lair:4)
  16 fungi
  7 plants
52 creatures vanquished.

Grand Total: 437 creatures vanquished

Notes
Turn   | Place    | Note
--------------------------------------------------------------
     0 | D:1      | Geppetto the Felid Monk began the quest for the Orb.
     0 | D:1      | Reached XP level 1. HP: 10/10 MP: 2/2
    74 | D:1      | Reached skill level 3 in Stealth
    79 | D:1      | Reached XP level 2. HP: 14/14 MP: 3/3
   726 | D:2      | Reached XP level 3. HP: 13/17 MP: 4/4
  1157 | D:2      | Reached XP level 4. HP: 21/21 MP: 5/5
  1707 | D:2      | Reached skill level 5 in Dodging
  1919 | D:3      | Found a glowing drain.
  1978 | Sewer    | Entered a sewer
  2034 | Sewer    | Noticed a big kobold
  2047 | Sewer    | Killed a big kobold
  2047 | Sewer    | Reached skill level 4 in Stealth
  2047 | Sewer    | Reached skill level 5 in Unarmed Combat
  2047 | Sewer    | Reached XP level 5. HP: 17/24 MP: 6/6
  2272 | Sewer    | Reached skill level 5 in Stealth
  2272 | Sewer    | Gained mutation: You are covered in thick fur. (AC +2) [Felid growth]
  2272 | Sewer    | Reached XP level 6. HP: 25/28 MP: 7/7
  2677 | Sewer    | Reached XP level 7. HP: 28/33 MP: 8/8
  2765 | D:3      | Noticed Jessica
  2767 | D:3      | Killed Jessica
  2767 | D:3      | Reached skill level 5 in Fighting
  3839 | D:4      | Found a bloodstained altar of Trog.
  3840 | D:4      | Noticed a wizard
  3847 | D:4      | Killed a wizard
  4025 | D:4      | Reached skill level 6 in Stealth
  4410 | D:5      | Entered Level 5 of the Dungeon
  4672 | D:5      | Reached XP level 8. HP: 37/37 MP: 9/9
  4868 | D:5      | Reached skill level 7 in Stealth
  5340 | D:6      | Found a staircase to the Ecumenical Temple.
  5373 | Temple   | Entered the Ecumenical Temple
  5714 | D:6      | Reached skill level 8 in Stealth
  6175 | D:7      | Noticed Pikel
  6194 | D:7      | Killed Pikel
  6194 | D:7      | Reached XP level 9. HP: 34/44 MP: 10/10
  6295 | D:7      | Reached skill level 9 in Stealth
  6533 | D:7      | Found a white marble altar of Elyvilon.
  6534 | D:7      | Found a stormy altar of Qazlal.
  6534 | D:7      | Noticed Menkaure
  6535 | D:7      | Found a shadowy altar of Dithmenos.
  6569 | D:7      | Killed Menkaure
  6859 | D:7      | Became a worshipper of Elyvilon the Healer
  6859 | D:7      | Reached * piety under Elyvilon
  6859 | D:7      | Reached ** piety under Elyvilon
  6990 | D:7      | Reached skill level 1 in Invocations
  7104 | D:7      | Found a shattered altar of Ashenzari.
  7719 | D:8      | Found a staircase to the Lair.
  7757 | D:8      | Reached skill level 10 in Stealth
  7887 | Lair:1   | Entered Level 1 of the Lair of Beasts
  7887 | Lair:1   | Noticed a spiny frog
  7889 | Lair:1   | Killed a spiny frog
  7889 | Lair:1   | Reached skill level 10 in Dodging
  8052 | Lair:1   | Noticed a spiny frog
  8059 | Lair:1   | Killed a spiny frog
  8059 | Lair:1   | Reached XP level 10. HP: 49/49 MP: 12/12
  8222 | Lair:1   | Reached skill level 10 in Fighting
  8995 | Lair:1   | Reached skill level 11 in Stealth
  9534 | Lair:1   | Noticed a spiny frog
  9564 | Lair:1   | Elyvilon protects you from harm!
  9568 | Lair:1   | Elyvilon protects you from harm!
  9569 | Lair:1   | Killed a spiny frog
  9948 | Lair:2   | Noticed an elephant
  9948 | Lair:2   | Noticed a black mamba
  9999 | Lair:2   | Noticed an elephant
  9999 | Lair:2   | Noticed an elephant
 10006 | Lair:2   | Noticed an elephant
 10169 | Lair:2   | Noticed a black mamba
 10174 | Lair:2   | Pacified a black mamba
 10194 | Lair:2   | Killed a black mamba
 10756 | Lair:2   | Killed an elephant
 10850 | Lair:2   | Reached XP level 11. HP: 25/55 MP: 13/15
 11334 | Lair:2   | Reached skill level 12 in Stealth
 11832 | Lair:2   | Reached skill level 5 in Invocations
 12830 | Lair:2   | Identified a scroll of acquirement
 13290 | Lair:3   | Noticed a five-headed hydra
 13312 | Lair:3   | Noticed an eight-headed hydra
 13375 | Lair:3   | Found a staircase to the Swamp.
 14442 | Lair:3   | Reached skill level 13 in Stealth
 15305 | Lair:4   | Gained mutation: Your thick and shaggy fur keeps you warm. (AC +3, rC+) [Felid growth]
 15305 | Lair:4   | Reached XP level 12. HP: 59/59 MP: 17/17
 15349 | Lair:4   | Noticed a five-headed hydra
 15359 | Lair:4   | Killed a five-headed hydra
 15909 | Lair:4   | Pacified an eight-headed hydra
 16823 | Lair:5   | Found a hole to the Spider Nest.
 16826 | Lair:5   | Noticed a catoblepas
 16860 | Lair:5   | Reached skill level 10 in Unarmed Combat
 17468 | Lair:5   | Noticed a six-headed hydra
 17468 | Lair:5   | Pacified a six-headed hydra
 17504 | Lair:5   | Pacified a catoblepas
 17695 | Lair:6   | Reached skill level 14 in Stealth
 18759 | Lair:7   | Found a staircase to the Slime Pits.
 18783 | Lair:7   | Noticed Rupert
 18965 | Slime:1  | Entered Level 1 of the Pits of Slime
 18967 | Slime:1  | Noticed an acid blob
 18975 | Slime:2  | Noticed an azure jelly
 19020 | Slime:3  | Noticed an acid blob
 19054 | Slime:6  | Entered Level 6 of the Pits of Slime
 19058 | Slime:6  | Noticed an azure jelly
 19058 | Slime:6  | Noticed an acid blob
 19063 | Slime:6  | Noticed an acid blob
 19075 | Slime:6  | Noticed an acid blob
 19085 | Slime:6  | Noticed the Royal Jelly
 19087 | Slime:6  | Killed from afar by an acid blob
 19088 | Slime:6  | Reached XP level 11. HP: -8/55 MP: 17/17
 19089 | Slime:6  | Noticed a great orb of eyes
 19093 | Slime:6  | Noticed an acid blob
 19119 | Slime:6  | Found a viscous altar of Jiyva.
 19123 | Slime:6  | Fell from the grace of Elyvilon
 19123 | Slime:6  | Became a worshipper of Jiyva Jurphes the Shapeless
 19125 | Slime:6  | Splashed by an acid blob's acid
 19126 | Slime:6  | Reached XP level 10. HP: -8/51 MP: 16/16
 19133 | Slime:5  | Noticed an acid blob
 19149 | Slime:2  | Noticed an acid blob
 19157 | Slime:2  | Noticed a shining eye
 19226 | Lair:7   | Noticed a spiny frog
 19246 | Lair:7   | Killed a spiny frog
 19315 | Lair:7   | Noticed an elephant
 19316 | Lair:7   | Noticed an elephant
 19406 | Lair:7   | Noticed a spiny frog
 19410 | Lair:7   | Noticed a spiny frog
 19411 | Lair:7   | Reached XP level 11. HP: 55/55 MP: 17/17
 19439 | Lair:7   | Noticed a six-headed hydra
 19842 | Lair:6   | Slain by an elephant

Vault maps used:
D:1:      scummos_arrival_gate
D:2:      serial_forest, infiniplex_forest_straight_4,
          infiniplex_forest_fountain, infiniplex_forest_corner_1,
          infiniplex_forest_end_1, infiniplex_forest_clump_curved,
          infiniplex_forest_zigzag_1, due_unseen_surprise
D:3:      gup_sewer_entry_pipe, uniq_jessica
D:4:      trog_wizard
D:5:      first_bread
D:6:      temple_fountains, hex_medium
D:7:      ashenzari_conservatory_becter, grunt_temple_overflow_open,
          nrook_pool_corridor, uniq_pikel, uniq_menkaure
D:8:      lair_0_dummy, serial_shops, nicolae_shop_statue_plus
Temple:   grunt_circular_temple_18
Lair:1:   lemuel_ratsnest, bh_autumn_forest_stairs
Lair:2:   grunt_megastairs_2
Lair:3:   minmay_swamp_entry_wisps
Lair:4:   serial_forest, infiniplex_forest_clump_medium,
          infiniplex_forest_split, infiniplex_forest_straight_5,
          infiniplex_forest_3_way, infiniplex_forest_end_2,
          infiniplex_forest_clump_medium, infiniplex_forest_straight_5,
          st_stairs_8, nicolae_quartered_pool_medium
Lair:5:   spider_nest_entry_a, infiniplex_staircase_pool_2, grunt_megastairs_3,
          serial_bayou_shore_b
Lair:6:   grunt_megastairs_5
Lair:7:   nicolae_slime_entry_slimehenge, kennysheep_snail_temple,
          serial_bayou_shore_a, uniq_rupert
Slime:5:  cheibrodos_slime_lost_civilization_7
Sewer:    kennysheep_pipe_town

Skill      XL: |  1  2  3  4  5  6  7  8  9 10 11 12 |
---------------+-------------------------------------+-----
Stealth        | 3 4 5 6 8 10 11 13 14 | 14.4
Dodging        | 5 6 7 8 10 11 12 13 | 13.6
Unarmed Combat | 5 6 9 11 | 11.1
Fighting       | 4 5 8 9 10 | 10.9
Invocations    | 2 4 6 7 |  7.8

Action                   |  1- 3 |  4- 6 |  7- 9 | 10-12 || total
-------------------------+-------+-------+-------+-------++-------
Melee: Unarmed           |    74 |   289 |   381 |  1299 ||  2043
       Bite              |     5 |    29 |    35 |   197 ||   266
       Punch             |     1 |    10 |    13 |    51 ||    75
Invok: Lesser Healing    |       |       |     1 |    61 ||    62
       Heal Other        |       |       |     1 |    22 ||    23
Evoke: Wand              |       |       |     1 |    16 ||    17
  Use: Scroll            |       |     5 |    11 |     8 ||    24
       Potion            |       |     2 |     5 |     9 ||    16
 Stab: Sleeping          |     7 |     9 |    35 |    43 ||    94
       Distracted        |       |       |     2 |     9 ||    11
  Eat: Chunk             |     8 |     3 |    11 |    41 ||    63
Armor: Skin              |     3 |     7 |    31 |    71 ||   112
Dodge: Dodged            |    53 |   171 |   304 |  1410 ||  1938
